AAA EAST
JACKSONVILLE JUMBO SHRIMP @ COLUMBUS CLIPPERS
05/20/2042
 
TOP OF THE 1ST
Jacksonville Jumbo Shrimp batting - Pitching for Columbus Clippers : LHP Greg Curry
Pitching: LHP Greg Curry
Batting: RHB Raúl Toro 0-0: Ball
1-0: Ground out 5-3 (Groundball, 5, EV 84.4 MPH)
Batting: RHB David Holguín 0-0: Ball
1-0: Foul Ball, location: 3F
1-1: Ground out 4-3 (Groundball, 4M, EV 90.0 MPH)
Batting: RHB Sean Davidson 0-0: Foul Ball, location: 7LMF
0-1: Ball
1-1: Called Strike
1-2: Ball
2-2: Ground out 6-3 (Groundball, 6, EV 100.6 MPH)
Top of the 1st over - 0 runs, 0 hits, 0 errors, 0 left on base; Jacksonville 0 - Columbus 0
BOTTOM OF THE 1ST
Columbus Clippers batting - Pitching for Jacksonville Jumbo Shrimp : RHP Ken Richards
Pitching: RHP Ken Richards
Batting: RHB Orlando Cortéz 0-0: Ball
1-0: Ball
2-0: Ball
3-0: Base on Balls
Batting: RHB Tony Ávila 0-0: Sac Bunt to 25 - play at first, batter OUT! 5-3
Orlando Cortéz to second
Batting: LHB Greg Curry 0-0: Ground out 4-3 (Groundball, 34D, EV 78.8 MPH)
Orlando Cortéz to third
Batting: LHB Taizo Iida 0-0: Ball
1-0: Called Strike
1-1: Swinging Strike
1-2: Ball
2-2: Foul Ball, location: 7LDF
2-2: Ball
3-2: Foul Ball, location: 9LMF
3-2: Fly out, F7 (Flyball, 7, EV 95.6 MPH)
Bottom of the 1st over - 0 runs, 0 hits, 0 errors, 1 left on base; Jacksonville 0 - Columbus 0
TOP OF THE 2ND
Jacksonville Jumbo Shrimp batting - Pitching for Columbus Clippers : LHP Greg Curry
Batting: RHB Butch Haig 0-0: Ball
1-0: Ground out 6-3 (Groundball, 6, EV 89.4 MPH)
Batting: RHB Gilberto Souza 0-0: Called Strike
0-1: Ball
1-1: Swinging Strike
1-2: Ball
2-2: Ground out 5-3 (Groundball, 56, EV 85.0 MPH)
Batting: LHB Jerry López 0-0: Foul Ball, location: 3F
0-1: Ball
1-1: SINGLE (Groundball, 25, EV 73.8 MPH) (infield hit)
Batting: RHB Kel Mearns 0-0: Ball
1-0: Foul Ball, location: 25F
1-1: Foul Ball, location: 2F
1-2: Foul Ball, location: 25FF
1-2: Ball
2-2: Fly out, F8 (Flyball, 8LD, EV 96.9 MPH)
Top of the 2nd over - 0 runs, 1 hit, 0 errors, 1 left on base; Jacksonville 0 - Columbus 0
BOTTOM OF THE 2ND
Columbus Clippers batting - Pitching for Jacksonville Jumbo Shrimp : RHP Ken Richards
Batting: LHB Mike Hatfield 0-0: Ground out 1-3 (Groundball, 13S, EV 73.1 MPH)
Batting: LHB Jerry Wilson 0-0: Foul Ball, location: 7LMF
0-1: Ground out U3 (Groundball, 34, EV 103.8 MPH)
Batting: RHB Leith Corkum 0-0: Ball
1-0: Foul Ball, location: 3SF
1-1: Ball
2-1: Foul Ball, location: 7LSFF
2-2: Foul Ball, location: 5FF
2-2: Ground out 6-3 (Groundball, 6, EV 108.8 MPH)
Bottom of the 2nd over - 0 runs, 0 hits, 0 errors, 0 left on base; Jacksonville 0 - Columbus 0
TOP OF THE 3RD
Jacksonville Jumbo Shrimp batting - Pitching for Columbus Clippers : LHP Greg Curry
Batting: RHB Dan Offen 0-0: Ground out 4-3 (Groundball, 34D, EV 87.5 MPH)
Batting: RHB José Flores 0-0: Ball
1-0: Ball
2-0: Ball
3-0: Called Strike
3-1: Base on Balls
Batting: RHB Raúl Toro 0-0: Ball
1-0: Ball
2-0: Called Strike
2-1: Called Strike
2-2: DOUBLE (Line Drive, 9LM, EV 104.4 MPH)
José Flores to third
Runner from 3rd tries for Home, SAFE, no throw by RF
Batting: RHB David Holguín 0-0: Ball
Raúl Toro steals 3rd base
1-0: SINGLE (Groundball, 6MD, EV 110.0 MPH)
Raúl Toro scores
Batting: RHB Sean Davidson 0-0: Ball
1-0: Called Strike
1-1: SINGLE (Groundball, 6MD, EV 100.0 MPH)
David Holguín to second
Runner from 2nd tries for 3rd, SAFE, throw by CF made to third
Batting: RHB Butch Haig 0-0: Ball
1-0: Called Strike
1-1: Fly out, F8 (Flyball, 8RD, EV 108.8 MPH)
Runner from 3rd tags up, SCORES, throw by CF
Batting: RHB Gilberto Souza 0-0: Ball
1-0: Ball
2-0: Fielders Choice at 2nd, 5-4 (Groundball, 5, EV 100.0 MPH)
Top of the 3rd over - 3 runs, 3 hits, 0 errors, 1 left on base; Jacksonville 3 - Columbus 0
BOTTOM OF THE 3RD
Columbus Clippers batting - Pitching for Jacksonville Jumbo Shrimp : RHP Ken Richards
Batting: LHB Abel Brown 0-0: Swinging Strike
0-1: Ball
1-1: Swinging Strike
1-2: Ground out 6-3 (Groundball, 6MS, EV 65.0 MPH)
Batting: RHB Pepe Montés 0-0: Swinging Strike
0-1: Ball
1-1: Ball
2-1: Ground out 5-3 (Groundball, 5L, EV 85.6 MPH)
Batting: RHB Orlando Cortéz 0-0: Ground out 5-3 (Groundball, 56, EV 86.9 MPH)
Bottom of the 3rd over - 0 runs, 0 hits, 0 errors, 0 left on base; Jacksonville 3 - Columbus 0
TOP OF THE 4TH
Jacksonville Jumbo Shrimp batting - Pitching for Columbus Clippers : LHP Greg Curry
Batting: LHB Jerry López 0-0: Called Strike
0-1: Ground out 3-1 (Groundball, 34S, EV 79.4 MPH)
Batting: RHB Kel Mearns 0-0: Ball
1-0: SINGLE (Line Drive, 4M, EV 94.4 MPH)
Batting: RHB Dan Offen 0-0: Foul Ball, location: 2LF
0-1: Ball
1-1: Foul Ball, location: 2F
1-2: Fly out, F8 (Flyball, 8LD, EV 98.1 MPH)
Batting: RHB José Flores 0-0: Ground out U3 (Groundball, 23, EV 87.5 MPH)
Top of the 4th over - 0 runs, 1 hit, 0 errors, 1 left on base; Jacksonville 3 - Columbus 0
BOTTOM OF THE 4TH
Columbus Clippers batting - Pitching for Jacksonville Jumbo Shrimp : RHP Ken Richards
Batting: RHB Tony Ávila 0-0: DOUBLE (Line Drive, 89D, EV 105.6 MPH)
Batting: LHB Greg Curry 0-0: Called Strike
0-1: Fly out, F8 (Flyball, 8RD, EV 106.3 MPH)
Batting: LHB Taizo Iida 0-0: Foul Ball, location: 5FF
0-1: Called Strike
0-2: Ball
1-2: Foul Ball, location: 7LMF
1-2: SINGLE (Groundball, 4MD, EV 103.8 MPH)
Tony Ávila to third
Batting: LHB Mike Hatfield 0-0: Ball
1-0: Foul Ball, location: 7LDF
1-1: Ball
2-1: Ball
3-1: Base on Balls
Taizo Iida to second
Batting: LHB Jerry Wilson 0-0: Ball
1-0: Ball
2-0: Foul Ball, location: 9LMFF
2-1: Foul Ball, location: 2F
2-2: Foul Ball, location: 7LMF
2-2: Ball
3-2: Base on Balls
Tony Ávila scores
Taizo Iida to third
Mike Hatfield to second
Batting: RHB Leith Corkum 0-0: Ball
1-0: Ball
2-0: Ball
3-0: Base on Balls
Taizo Iida scores
Mike Hatfield to third
Jerry Wilson to second
Batting: LHB Abel Brown 0-0: Ball
1-0: Called Strike
1-1: Ball
2-1: Foul Ball, location: 2F
2-2: SINGLE (Groundball, 34D, EV 110.6 MPH)
Mike Hatfield scores
Jerry Wilson to third
Leith Corkum to second
Batting: RHB Pepe Montés 0-0: Swinging Strike
0-1: Swinging Strike
0-2: Strikes out swinging
Batting: RHB Orlando Cortéz 0-0: Ball
1-0: Foul Ball, location: 3SF
1-1: DOUBLE (Flyball, 8RXD, EV 91.3 MPH)
Jerry Wilson scores
Leith Corkum scores
Abel Brown to third
Runner from 3rd tries for Home, SAFE, throw by CF to trailing runner, SAFE at third!
Pitching: RHP Randy White
Batting: RHB Tony Ávila 0-0: Ball
1-0: Swinging Strike
1-1: Ball
2-1: Swinging Strike
2-2: Fly out, F9 (Flyball, 9LS, EV 95.6 MPH)
Bottom of the 4th over - 6 runs, 4 hits, 0 errors, 1 left on base; Jacksonville 3 - Columbus 6
TOP OF THE 5TH
Jacksonville Jumbo Shrimp batting - Pitching for Columbus Clippers : LHP Greg Curry
Batting: RHB Raúl Toro 0-0: Swinging Strike
0-1: Ball
1-1: Swinging Strike
1-2: Fly out, F7 (Flyball, 7D, EV 111.3 MPH)
Batting: RHB David Holguín 0-0: Ball
1-0: Fly out, F4 (Popup, 4, EV 56.3 MPH)
Batting: RHB Sean Davidson 0-0: Ball
1-0: DOUBLE (Line Drive, 78D, EV 106.3 MPH)
Batting: RHB Butch Haig 0-0: Ball
1-0: Foul Ball, location: 2F
1-1: SINGLE (Line Drive, 89S, EV 99.4 MPH)
Sean Davidson to third
Throwing error, E8
Sean Davidson scores
Butch Haig to second
Batting: RHB Gilberto Souza 0-0: Ball
1-0: Swinging Strike
1-1: Ball
2-1: Ball
3-1: Called Strike
3-2: Strikes out swinging
Top of the 5th over - 1 run, 2 hits, 1 error, 1 left on base; Jacksonville 4 - Columbus 6
BOTTOM OF THE 5TH
Columbus Clippers batting - Pitching for Jacksonville Jumbo Shrimp : RHP Randy White
Batting: LHB Greg Curry 0-0: Ball
1-0: Ball
2-0: Called Strike
2-1: Ground out U3 (Groundball, 3L, EV 97.5 MPH)
Batting: LHB Taizo Iida 0-0: SOLO HOME RUN (Flyball, 8LXD, EV 102.5 MPH), Distance : 411 ft
Batting: LHB Mike Hatfield 0-0: Ball
1-0: Ball
2-0: Ball
3-0: Called Strike
3-1: Called Strike
3-2: SOLO HOME RUN (Flyball, 8RXD, EV 113.1 MPH), Distance : 457 ft
Batting: LHB Jerry Wilson 0-0: Ball
1-0: Ball
2-0: Foul Ball, location: 2F
2-1: Foul Ball, location: 23FF
2-2: Strikes out swinging
Batting: RHB Leith Corkum 0-0: Ball
1-0: Ball
2-0: Ball
3-0: Called Strike
3-1: Ground out 6-3 (Groundball, 6, EV 91.3 MPH)
Bottom of the 5th over - 2 runs, 2 hits, 0 errors, 0 left on base; Jacksonville 4 - Columbus 8
TOP OF THE 6TH
Jacksonville Jumbo Shrimp batting - Pitching for Columbus Clippers : LHP Greg Curry
Batting: LHB Jerry López 0-0: SINGLE (Line Drive, 34D, EV 66.9 MPH)
Batting: RHB Kel Mearns 0-0: Ball
1-0: Ball
2-0: Called Strike
2-1: Grounds into double play, 4-6-3 (Groundball, 34, EV 82.5 MPH)
Batting: RHB Dan Offen 0-0: TRIPLE (Flyball, 89XD, EV 102.5 MPH)
Batting: RHB José Flores 0-0: Ball
1-0: Fly out, F9 (Flyball, 9LS, EV 79.4 MPH)
Top of the 6th over - 0 runs, 2 hits, 0 errors, 1 left on base; Jacksonville 4 - Columbus 8
BOTTOM OF THE 6TH
Columbus Clippers batting - Pitching for Jacksonville Jumbo Shrimp : RHP Randy White
Batting: LHB Abel Brown 0-0: Ball
1-0: Called Strike
1-1: Ball
2-1: Ball
3-1: Foul Ball, location: 7LMF
3-2: Base on Balls
Batting: RHB Pepe Montés 0-0: Called Strike
0-1: Fly out, F7 (Flyball, 7S, EV 88.1 MPH)
Batting: RHB Orlando Cortéz 0-0: Called Strike
0-1: Called Strike
0-2: Ball
1-2: Ball
2-2: Grounds into double play, 6-4-3 (Groundball, 6S, EV 79.4 MPH)
Bottom of the 6th over - 0 runs, 0 hits, 0 errors, 0 left on base; Jacksonville 4 - Columbus 8
TOP OF THE 7TH
Jacksonville Jumbo Shrimp batting - Pitching for Columbus Clippers : LHP Greg Curry
Batting: RHB Raúl Toro 0-0: Ball
1-0: SINGLE (Line Drive, 6D, EV 97.5 MPH)
Batting: RHB David Holguín 0-0: SINGLE (Line Drive, 8RS, EV 107.5 MPH)
Raúl Toro to second
Runner from 2nd tries for 3rd, SAFE, throw by CF made to third
Batting: RHB Sean Davidson 0-0: Called Strike
0-1: Foul Ball, location: 2F
0-2: Ball
1-2: Fly out, F4 (Line Drive, 4M, EV 62.5 MPH)
Batting: RHB Butch Haig 0-0: Ground out 5-3 (Groundball, 56S, EV 70.6 MPH)
Raúl Toro scores
David Holguín to second
Pitching: LHP Tim Worley
Batting: RHB Gilberto Souza 0-0: Called Strike
0-1: Called Strike
0-2: Strikes out swinging
Top of the 7th over - 1 run, 2 hits, 0 errors, 1 left on base; Jacksonville 5 - Columbus 8
BOTTOM OF THE 7TH
Columbus Clippers batting - Pitching for Jacksonville Jumbo Shrimp : RHP Randy White
Batting: RHB Tony Ávila 0-0: Ball
1-0: Ball
2-0: Ball
3-0: Base on Balls
Pitching: RHP Jeff Ramsey
Batting: LHB Greg Curry 0-0: Ball
1-0: Ball
2-0: Ball
Tony Ávila is caught stealing 2nd base 2-6
3-0: Called Strike
3-1: Called Strike
3-2: Fly out, F9 (Line Drive, 9S, EV 95.6 MPH)
Batting: LHB Taizo Iida 0-0: Ball
1-0: Called Strike
1-1: Fly out, F8 (Flyball, 8RD, EV 90.0 MPH)
Bottom of the 7th over - 0 runs, 0 hits, 0 errors, 0 left on base; Jacksonville 5 - Columbus 8
TOP OF THE 8TH
Jacksonville Jumbo Shrimp batting - Pitching for Columbus Clippers : LHP Tim Worley
Batting: LHB Jerry López 0-0: Foul Ball, location: 3DF
0-1: Ball
1-1: Ground out 4-3 (Groundball, 4, EV 97.5 MPH)
Batting: RHB Kel Mearns 0-0: Called Strike
0-1: Ball
1-1: Foul Ball, location: 9LMFF
1-2: Foul Ball, location: 7LMF
1-2: Ball
2-2: Strikes out looking
Batting: RHB Dan Offen 0-0: Fly out, F9 (Flyball, 89D, EV 100.6 MPH)
Top of the 8th over - 0 runs, 0 hits, 0 errors, 0 left on base; Jacksonville 5 - Columbus 8
BOTTOM OF THE 8TH
Columbus Clippers batting - Pitching for Jacksonville Jumbo Shrimp : RHP Jeff Ramsey
Batting: LHB Mike Hatfield 0-0: Ball
1-0: Ball
2-0: Swinging Strike
2-1: Foul Ball, location: 7LSF
2-2: Ball
3-2: Strikes out swinging
Batting: LHB Jerry Wilson 0-0: Ball
1-0: Foul Ball, location: 9LSF
1-1: Ball
2-1: Ball
3-1: Foul Ball, location: 7LSF
3-2: SINGLE (Line Drive, 89S, EV 91.9 MPH)
Batting: RHB Leith Corkum 0-0: Ball
1-0: Ball
2-0: Called Strike
2-1: Called Strike
2-2: Ball
3-2: Foul Ball, location: 7LDF
3-2: Fly out, F6 (Popup, 4MD, EV 72.5 MPH)
Batting: LHB Abel Brown 0-0: Ground out 4-3 (Groundball, 34, EV 86.9 MPH)
Bottom of the 8th over - 0 runs, 1 hit, 0 errors, 1 left on base; Jacksonville 5 - Columbus 8
TOP OF THE 9TH
Jacksonville Jumbo Shrimp batting - Pitching for Columbus Clippers : LHP Tim Worley
Pitching: RHP Bob Carver
Now at 1B: Aurelio Archuleta
Now in RF: Jerry Wilson
Pinch Hitting: LHB Danny King 0-0: Called Strike
0-1: Ground out U3 (Groundball, 34S, EV 67.5 MPH)
Batting: RHB Raúl Toro 0-0: Ground out 6-3 (Groundball, 6, EV 83.8 MPH)
Batting: RHB David Holguín 0-0: Swinging Strike
0-1: Fly out, F4 (Popup, 34, EV 56.3 MPH)
Top of the 9th over - 0 runs, 0 hits, 0 errors, 0 left on base; Jacksonville 5 - Columbus 8
Friday, May 3rd , 2024 - OOTP Baseball 24.10 Build 82